 Dungeon Crawl Stone Soup version 0.32-a0-607-g64ea0e4219 (webtiles) character file.

Game seed: 17386946651985470831

48 FIREandBLOOD the Apothecary (level 3, 0/25 HPs)
             Began as a Coglin Alchemist on Mar 4, 2024.
             Slain by a kobold
             ... wielding a +0 whip
              (4 damage)
             ... on level 2 of the Dungeon.
             The game lasted 00:12:06 (1585 turns).

FIREandBLOOD the Apothecary (Coglin Alchemist)      Turns: 1585, Time: 00:12:07

Health: 0/25       AC:  2    Str:  8    XL:     3   Next: 72%
Magic:  3/6        EV: 12    Int: 16    God:
Gold:   98         SH:  0    Dex: 14    Spells: 5/6 levels left

rFire   . . .        c - +0 dagger {Edeltraud}
rCold   . . .        i - +0 dagger {Hans}
rNeg    . . .        a - +0 robe
rPois   .            (no helmet)
rElec   .            (no cloak)
rCorr   .            (no gloves)
SInv    .            (no boots)
Will    .....        (amulet unavailable)
Stlth   ++           (ring unavailable)
HPRegen 0.24/turn    (ring unavailable)
MPRegen 0.10/turn    (no gizmo)

%: no passive effects
@: very slightly contaminated
A: off-hand wielding, slow wielding, warmup strikes, no jewellery
a: Invent Gizmo


You were on level 2 of the Dungeon.
You visited 1 branch of the dungeon, and saw 2 of its levels.

You collected 98 gold pieces.

Inventory:

Hand Weapons
 c - a +0 dagger (weapon) {Edeltraud}
 i - a +0 dagger (offhand) {Hans}
Missiles
 f - 3 javelins
Armour
 a - a +0 robe (worn)
 j - an orb of mayhem
Magical Staves
 l - a staff of cold
Scrolls
 d - a scroll of noise {unknown}
 e - a scroll of blinking {unknown}
 g - a scroll of identify {unknown}
 h - a scroll of teleportation {unknown}
 k - a scroll of enchant weapon {unknown}
Potions
 b - 2 potions of magic


   Skills:
 + Level 0.9 Fighting
 + Level 2.4 Dodging
 - Level 1.5 Stealth
 + Level 2.3 Spellcasting
 + Level 1.7 Conjurations
 - Level 3.2 Alchemy


You had 5 spell levels left.
You knew the following spells:

 Your Spells              Type           Power      Damage    Failure   Level
a - Sting                 Conj/Alch      36%        1d5       7%          1

Your spell library contained the following spells:

 Spells                   Type           Power      Damage    Failure   Level
 Kiss of Death            Conj/Necr      16%        2d6       14%         1
 Mercury Vapours          Alch/Air       14%        N/A       16%         2
 Mephitic Cloud           Conj/Alch/Air  7%         N/A       30%         3
 Olgreb's Toxic Radiance  Alch           12%        N/A       45%         4
 Confusing Touch          Hex            1%         N/A       52%         3
 Tukima's Dance           Hex            1%         N/A       52%         3
 Volatile Blastmotes      Fire/Tloc      2%         2d10      52%         3
 Fulminant Prism          Conj/Alch      4%         3d5       56%         4
 Sticky Flame             Fire/Alch      7%         2d4       71%         4
 Iskenderun's Mystic Bla  Conj/Tloc      4%         2d3       80%         4
 Dispel Undead            Necr           1%         3d6       90%         4
 Passage of Golubria      Tloc           1%         N/A       90%         4
 Yara's Violent Unravell  Hex/Alch       3%         3d4       96%         5


Dungeon Overview and Level Annotations

Branches:
Dungeon (2/15)

Altars:


Innate Abilities, Weirdness & Mutations

You can wield a second weapon in your off-hand.
It takes a long time for you to wield or remove held weapons.
Your first few attacks do less damage.
You cannot equip rings or amulets.


Message History

The bat closely misses you. The bat hits you but does no damage.
The bat barely misses you.
Natasha casts a spell.
There is an open door here.
The bat barely misses you.
As you close the door, it creaks loudly!
Something unseen opens the door.
The bat hits you but does no damage.
As you close the door, it creaks loudly!
You feel a bit more experienced. The bat closely misses you. x2
A kobold opens the door.
The bat hits you. The bat hits you but does no damage.
The kobold hits you with a +0 whip.
* * * LOW HITPOINT WARNING * * *
There is an open door here.
You closely miss the bat with your +0 dagger.
The bat is moderately wounded.
You closely miss the bat with your +0 dagger.
The bat hits you but does no damage. The bat misses you.
Casting: Sting (safe; 7% risk of failure)
Confirm with . or Enter, or press ? or * to list all spells.
Aiming: Sting (safe; 7% risk of failure)
Press: ? - help, Shift-Dir - straight line, f - kobold
Aim: a kobold, wielding a +0 whip (60% to hit)
The sting misses the kobold.
The bat hits you but does no damage. The bat completely misses you.
The kobold hits you but does no damage. The bat misses you.
The bat closely misses you. The kobold attacks as it pursues you!
The kobold completely misses you.
You see here a blade talisman.
Casting: Sting (safe; 7% risk of failure)
Confirm with . or Enter, or press ? or * to list all spells.
Aiming: Sting (safe; 7% risk of failure)
Press: ? - help, Shift-Dir - straight line, f/p - kobold
Aim: a kobold, wielding a +0 whip (60% to hit)
You miscast Sting.
You are very lightly contaminated with residual magic.
Nothing appears to happen.
The bat hits you.
* * * LOW HITPOINT WARNING * * *
The bat closely misses you. The kobold hits you with a +0 whip.
You die...

#. ....##..#..#..#..
#.##............>#..
#........#..#.......
##........#..........
.....................
#.............^....
######...#.#..#.....
##.P..#..............
###...@K#..............
PP_..P.b.'.†.###..#.....
P###...[.#...# #.##.....
##.P..#######........
####### #........... #.#
#.......#...
#.###.<.....###.
#..######..## #. ##.#
###.## #.


You could see a bat and a kobold.

Vanquished Creatures
  Natasha (D:2)
  A dart slug (D:1)
  2 endoplasms (D:1)
  A goblin (D:1)
  4 hobgoblins
  3 kobolds
  3 ball pythons
  2 bats (D:1)
  3 frilled lizards (D:1)
  3 rats (D:1)
23 creatures vanquished.

Notes
Turn   | Place    | Note
-------+----------+-------------------------------------------
     0 | D:1      | FIREandBLOOD the Coglin Alchemist began the quest for the
                  | Orb.
     0 | D:1      | Reached XP level 1. HP: 13/13 MP: 3/3
    69 | D:1      | Reached skill level 1 in Conjurations
   431 | D:1      | Reached XP level 2. HP: 12/19 MP: 5/5
  1387 | D:1      | Reached XP level 3. HP: 7/24 MP: 6/6
  1541 | D:2      | Found a faded altar of an unknown god.
  1564 | D:2      | Noticed Natasha
  1579 | D:2      | Killed Natasha
  1585 | D:2      | Slain by a kobold

Illustrated notes

Levels and vault maps discovered:
D:1:      erik_arrival_blinker_ship, layout_basic
D:2:      layout_rooms, shapermc_ecumenical_altar_flowoftime,
          minmay_joined_circles, uniq_natasha

Skill      XL: |  1 |
---------------+----+-----
Conjurations   | 1 |  1.7
Dodging        | 2 |  2.4
Spellcasting   | 2 |  2.3
Fighting       | |  0.9
Stealth        | |  1.5
Alchemy        | |  3.2

Action                     || total
---------------------------++-------
  Melee: Dagger            ||   112
         Unarmed           ||     9
   Cast: Sting             ||     6
   Stab: Sleeping          ||     4
 Armour: Robe              ||    72
  Dodge: Dodged            ||    78

Table legend: (Time is in decaauts)
 A = Elapsed time spent in this place.
 B = Non-inter-level travel time spent in this place.
 C = Inter-level travel time spent in this place.
 D = Time resting spent in this place.
 E = Time spent auto-exploring this place.
 F = Levels seen in this place.
 G = Mean time per level.
                   A        B        C        D        E       F      G
               +--------+--------+--------+--------+--------+-----+--------+
         Total |   1585 |   1512 |     73 |    413 |    341 |   2 |  792.5 |
       Dungeon |   1585 |   1512 |     73 |    413 |    341 |   2 |  792.5 |
               +--------+--------+--------+--------+--------+-----+--------+

Top non-repeatable levels by time:
     D:1: 1303 daAuts
     D:2: 282 daAuts
